Map: King's Cove LE

Players

Awers - Winner!

  • Race: Terran Terran
  • Spawn Location: 11:00

VitamiN

  • Race: Zerg Zerg
  • Spawn Location: 5:00

Event: 2019 WCS Summer

VOD

Have the link to the VOD?

Description

Time

  • Played on: July 12, 2019, 8:54 a.m.
  • Length: 11:23

All games in this series

Show
View Real Time Build Order
Export as new Build Order

Awers Terran - Winner!

Build Orders: Reaper Expand, Hellion Banshee, Mech 

Get SALT Encoding   

  12  0:01  SCV  
  13  0:13  SCV  
  14  0:18  Supply Depot  
  14  0:25  SCV  
  15  0:39  SCV  
  15  0:41  Barracks  
  16  0:44  Refinery  
  16  0:51  SCV  
  17  1:03  SCV  
  18  1:16  SCV  
  19  1:28  Orbital Command, Reaper  
  20  1:43  Command Center  
  20  1:50  Supply Depot  
  20  1:55  SCV  
  20  2:00  Marine  
  22  2:08  SCV  
  23  2:14  Factory  
  23  2:18  Refinery  
  23  2:21  SCV  
  24  2:23  Barracks Reactor  
  24  2:36  SCV  
  25  2:48  SCV  
  26  2:56  Orbital Command  
  26  3:00  SCV  
  26  3:02  Starport  
  27  3:07  Hellion x2  
  31  3:13  SCV  
  32  3:24  SCV  
  32  3:25  Barracks Tech Lab, SCV  
  34  3:29  Hellion  
  34  3:30  Hellion  
  38  3:36  Supply Depot  
  38  3:37  SCV  
  38  3:38  SCV  
  40  3:49  SCV  
  40  3:50  Viking, SCV, Cloaking Field  
  40  3:54  Hellion  
  46  4:01  SCV  
  46  4:02  SCV  
  48  4:05  Supply Depot  
  47  4:13  SCV  
  47  4:14  SCV  
  49  4:20  Banshee  
  52  4:25  SCV  
  52  4:26  SCV  
  50  4:32  Command Center  
  50  4:34  Hellion  
  50  4:37  SCV  
  52  4:38  SCV  
  50  4:45  Refinery  
  50  4:46  Refinery  
  50  4:49  SCV  
  50  4:50  SCV, Hellion  
  54  4:55  Hellion  
  54  4:59  Armory  
  56  5:01  Armory, SCV  
  56  5:02  SCV  
  58  5:09  Banshee, Supply Depot  
  58  5:14  SCV  
  62  5:20  Factory  
  62  5:26  Factory  
  62  5:30  Supply Depot  
  62  5:31  SCV x2  
  64  5:43  SCV x2  
  66  5:52  Hellion x2  
  66  5:53  Barracks Tech Lab  
  66  5:55  SCV x2  
  72  5:59  Starport Reactor  
  72  6:07  SCV x2  
  74  6:13  Thor  
  74  6:16  Terran Vehicle And Ship Armor Level 1, Terran Vehicle Weapons Level 1  
  80  6:19  Thor, SCV  
  80  6:22  Supply Depot  
  80  6:23  SCV  
  80  6:25  Supply Depot  
  88  6:28  Orbital Command  
  88  6:31  SCV  
  88  6:32  Supply Depot  
  89  6:37  SCV  
  89  6:38  Medivac  
  92  6:41  Refinery  
  92  6:42  Refinery  
  92  6:43  SCV  
  92  6:44  Medivac  
  92  6:45  Hellion  
  97  6:49  SCV  
  98  6:54  SCV, Hellion  
  98  6:55  SCV  
  102  7:01  SCV  
  102  7:02  Supply Depot  
  102  7:05  Siege Tank x2  
  102  7:06  SCV  
  102  7:08  SCV  
  111  7:11  Supply Depot  
  111  7:13  SCV, Hellion  
  114  7:18  Liberator x2  
  114  7:21  SCV x2  
  114  7:22  Factory  
  116  7:24  Factory  
  116  7:31  SCV  
  116  7:36  Supply Depot  
  116  7:37  Supply Depot  
  123  7:42  Siege Tank  
  127  7:51  Siege Tank, Hellion  
  127  7:54  SCV  
  128  7:58  SCV  
  128  8:00  SCV  
  128  8:03  Hellion  
  132  8:06  SCV  
  132  8:07  Command Center  
  132  8:11  Terran Vehicle Weapons Level 2  
  132  8:12  Factory Tech Lab, Factory Reactor  
  133  8:13  Hellion  
  133  8:14  Siege Tank  
  138  8:29  Siege Tank, Hellion  
  138  8:31  SCV  
  138  8:33  Hellion  
  146  8:34  Hellion  
  146  8:40  Command Center  
  146  8:41  Supply Depot  
  148  8:42  Supply Depot  
  148  8:46  Siege Tank  
  148  8:47  Terran Vehicle And Ship Armor Level 2  
  143  8:51  Hellion  
  145  8:55  SCV  
  145  8:56  Refinery  
  145  9:01  Refinery  
  146  9:05  SCV  
  146  9:06  Engineering Bay  
  146  9:08  Siege Tank x2  
  146  9:09  Hellion x2  
  157  9:16  SCV  
  158  9:23  Siege Tank, Hellion  
  165  9:24  Hellion  
  165  9:25  SCV  
  166  9:37  SCV  
  161  9:49  Siege Tank x2, Hellion x2  
  161  9:52  Hellion x2  
  162  9:53  Planetary Fortress  
  162  9:55  Siege Tank  
  149  10:11  Hellion  
  149  10:13  Sensor Tower  
  151  10:21  Siege Tank, Thor  
  160  10:24  Viking, Hellion x2  
  166  10:32  Thor  
  163  10:39  Orbital Command  
  151  10:52  Hellion x2  
  151  10:53  Hellion  
  151  10:55  Factory  
  157  10:57  Factory  
  157  10:59  Factory  
  154  11:06  Command Center  
Show
View Real Time Build Order
Export as new Build Order

VitamiN Zerg 

Build Orders: Hatch First 

Get SALT Encoding   

  12  0:01  Drone  
  13  0:14  Overlord  
  13  0:18  Drone  
  14  0:33  Drone x2  
  16  0:51  Hatchery  
  16  0:54  Drone  
  16  0:57  Drone  
  16  1:01  Drone  
  18  1:11  Extractor  
  17  1:17  Spawning Pool  
  16  1:21  Drone  
  16  1:24  Drone  
  18  1:30  Drone  
  19  1:41  Drone  
  20  1:51  Drone  
  21  2:04  Queen x2  
  21  2:05  Zergling x4  
  27  2:16  Metabolic Boost  
  27  2:35  Overlord  
  27  2:40  Drone x2  
  28  2:53  Queen  
  28  2:54  Drone x2  
  28  2:55  Drone  
  28  2:56  Overlord  
  33  2:59  Drone  
  34  3:05  Drone  
  34  3:10  Overlord  
  34  3:22  Drone x5  
  39  3:41  Drone x2  
  39  3:42  Drone x3  
  39  3:45  Hatchery  
  43  3:48  Queen  
  45  4:00  Spore Crawler  
  44  4:06  Overlord  
  44  4:07  Overlord  
  44  4:10  Drone x5  
  41  4:32  Zergling x8  
  45  4:39  Spore Crawler  
  45  4:43  Drone x4  
  45  4:44  Drone x2  
  45  4:45  Lair  
  49  4:50  Queen  
  51  4:57  Overlord  
  51  5:01  Roach Warren  
  51  5:04  Spore Crawler  
  49  5:08  Drone x3  
  49  5:09  Drone x2  
  49  5:13  Spore Crawler  
  53  5:18  Drone x4  
  53  5:19  Drone x3  
  60  5:23  Queen  
  60  5:49  Drone  
  60  5:50  Drone x2  
  60  5:53  Drone  
  60  5:54  Drone x4, Extractor x2  
  60  5:55  Drone  
  60  5:57  Overlord x5  
  66  6:01  Evolution Chamber  
  66  6:02  Evolution Chamber  
  63  6:10  Overlord x2  
  62  6:11  Glial Reconstitution  
  62  6:22  Queen  
  62  6:25  Overseer  
  64  6:26  Hatchery  
  64  6:32  Zerg Missile Weapons Level 1, Zerg Ground Armor Level 1  
  62  6:35  Drone  
  62  6:43  Drone  
  62  6:44  Drone x8  
  71  6:49  Overseer  
  70  6:55  Drone, Extractor  
  70  6:56  Drone x2  
  70  6:57  Drone x4  
  76  7:01  Hydralisk Den  
  76  7:04  Infestation Pit  
  74  7:12  Roach x2  
  74  7:13  Roach  
  80  7:17  Extractor  
  80  7:18  Drone x3, Extractor  
  80  7:19  Drone x3  
  80  7:21  Drone  
  80  7:22  Drone  
  86  7:28  Overlord  
  86  7:29  Overlord  
  86  7:33  Grooved Spines  
  86  7:36  Drone x6  
  92  7:40  Roach x3  
  98  7:50  Roach x3  
  101  7:59  Roach x3  
  101  8:03  Overseer  
  96  8:08  Roach x2  
  96  8:09  Roach x8  
  103  8:19  Roach x2  
  107  8:20  Roach x2  
  107  8:28  Overlord x2  
  97  8:37  Overlord  
  97  8:38  Roach x2  
  97  8:39  Roach x2  
  105  8:42  Hatchery  
  104  8:49  Queen x2  
  110  9:05  Hive  
  110  9:06  Muscular Augments  
  108  9:10  Drone x3  
  108  9:11  Drone x6  
  108  9:12  Drone x3  
  108  9:16  Roach  
  122  9:18  Overlord x3  
  122  9:19  Overlord  
  122  9:37  Ravager  
  122  9:38  Ravager x3  
  123  9:39  Roach x10  
  120  9:46  Roach x2  
  120  9:47  Roach  
  115  9:56  Roach  
  115  9:57  Roach x3  
  102  10:10  Ravager x4, Roach  
  102  10:11  Roach x5  
  115  10:20  Ravager  
  105  10:22  Roach x4  
  106  10:35  Roach x2  
  92  10:37  Ravager  
  80  10:55  Drone  
  80  10:56  Drone x3  
  80  10:57  Drone  
  90  11:06  Drone  
  90  11:07  Drone x2  
  90  11:09  Drone  
Tags
 
Add a new tag
Caveats
  • Supply blocks, unpowered buildings, or Contaminate may cause inaccurate times.
  • Supply counts are checked every 10 seconds.